[ AOE2 MATCH · #507121424 ]
UnrankedTupi vs Khmer
Player's team · WIN
Rival team · LOSS
[ REPLAY ANALYSIS · EXTRACTED FROM THE RECORDED GAME ]
Feudal
10:34
Castle
23:30
Imperial
40:13
| APM avg | 59.8 |
| APM peak | 94 |
| eAPM avg | 34.2 |
| Villagers / military | 152 / 82 |
Focus
⚔️ 50.5% · 🌾 49.5%
Unknown (2550) ×189 · Spearman ×35 · Skirmisher ×28 · Mangonel ×11 · Trebuchet (Packed) ×5 · Monk ×3
Feudal
9:05
Castle
21:14
Imperial
41:08
| APM avg | 52.6 |
| APM peak | 83 |
| eAPM avg | 22.1 |
| Villagers / military | 156 / 161 |
Focus
⚔️ 50.7% · 🌾 49.3%
Hand Cannoneer ×73 · Cavalry Archer ×66 · Scout Cavalry ×9 · Knight ×8 · Trebuchet (Packed) ×3 · Monk ×1
Match map
Initial resources + every placement click. Lines = walls · curves = elevation contours. ◆ gold · ⬟ stone · ● berries · ✦ relic · ◌ wall gap
Your base· Open — 5t gap
Ghosty's base· Open — 3t gap
Smoothed initial terrain · ◌ = detected wall gap · hover for details
Inputs per minute
— Lina - - Ghosty
Build order — Lina
First 150 of 648 actions detected
| 0:01 | Queue | Villager (Male) |
| 0:01 | Queue | Villager (Male) |
| 0:02 | Build | House |
| 0:04 | Build | House |
| 0:09 | Queue | Villager (Male) |
| 0:20 | Queue | Villager (Male) |
| 0:20 | Queue | Villager (Male) |
| 1:04 | Queue | Villager (Male) |
| 1:09 | Build | Barracks |
| 1:32 | Queue | Villager (Male) |
| 1:32 | Queue | Villager (Male) |
| 1:53 | Queue | Villager (Male) |
| 2:10 | Queue | Unit 2550 |
| 2:23 | Queue | Villager (Male) |
| 2:48 | Queue | Villager (Male) |
| 2:49 | Queue | Villager (Male) |
| 3:19 | Queue | Villager (Male) |
| 3:20 | Queue | Villager (Male) |
| 3:23 | Build | House |
| 3:36 | Queue | Villager (Male) |
| 3:36 | Queue | Villager (Male) |
| 3:48 | Queue | Villager (Male) |
| 3:51 | Queue | Unit 2550 |
| 4:02 | Queue | Villager (Male) |
| 4:26 | Queue | Villager (Male) |
| 4:39 | Queue | Villager (Male) |
| 4:56 | Build | Palisade Wall |
| 5:12 | Queue | Villager (Male) |
| 5:24 | Queue | Villager (Male) |
| 5:31 | Build | House |
| 5:36 | Queue | Villager (Male) |
| 5:37 | Queue | Villager (Male) |
| 5:45 | Queue | Unit 2550 |
| 5:51 | Research | Loom |
| 5:57 | Queue | Villager (Male) |
| 6:04 | Build | Settlement |
| 6:09 | Queue | Villager (Male) |
| 6:19 | Queue | Villager (Male) |
| 6:28 | Queue | Unit 2550 |
| 6:57 | Queue | Villager (Male) |
| 7:08 | Queue | Villager (Male) |
| 7:57 | Build | Settlement |
| 8:24 | Research | Feudal Age |
| 8:44 | Queue | Unit 2550 |
| 9:05 | Build | Settlement |
| 9:30 | Build | Outpost |
| 9:49 | Queue | Unit 2550 |
| 10:00 | Queue | Villager (Male) |
| 10:00 | Queue | Villager (Male) |
| 10:02 | Build | Farm |
| 10:07 | Queue | Unit 2550 |
| 10:10 | Build | Farm |
| 10:34 | Age | Feudal Age |
| 10:38 | Research | Tech 1402 |
| 10:41 | Research | Double-Bit Axe |
| 10:41 | Research | Double-Bit Axe |
| 10:44 | Queue | Villager (Male) |
| 10:45 | Build | Farm |
| 11:02 | Queue | Villager (Male) |
| 11:03 | Queue | Spearman |
| 11:14 | Build | Farm |
| 11:32 | Queue | Villager (Male) |
| 11:37 | Build | Palisade Wall |
| 11:38 | Build | Palisade Wall |
| 11:41 | Build | Farm |
| 11:42 | Queue | Unit 2550 |
| 11:48 | Build | Palisade Wall |
| 12:04 | Queue | Villager (Male) |
| 12:14 | Build | Farm |
| 12:16 | Build | Farm |
| 12:21 | Build | Palisade Wall |
| 12:40 | Build | Palisade Wall |
| 12:41 | Build | House |
| 12:41 | Queue | Villager (Male) |
| 12:43 | Queue | Villager (Male) |
| 13:00 | Build | House |
| 13:09 | Build | Palisade Gate |
| 13:12 | Build | Farm |
| 13:13 | Build | Farm |
| 13:23 | Queue | Villager (Male) |
| 13:28 | Queue | Villager (Male) |
| 13:38 | Queue | Villager (Male) |
| 13:41 | Build | Palisade Gate |
| 13:47 | Build | House |
| 13:51 | Queue | Spearman |
| 13:51 | Queue | Spearman |
| 14:05 | Build | Palisade Wall |
| 14:08 | Build | Palisade Wall |
| 14:15 | Queue | Villager (Male) |
| 14:19 | Build | Farm |
| 14:29 | Queue | Villager (Male) |
| 14:43 | Queue | Villager (Male) |
| 15:00 | Queue | Spearman |
| 15:01 | Queue | Spearman |
| 15:06 | Queue | Spearman |
| 15:12 | Build | Farm |
| 15:13 | Build | Farm |
| 15:30 | Queue | Villager (Male) |
| 15:33 | Queue | Spearman |
| 15:44 | Queue | Spearman |
| 15:47 | Build | House |
| 15:48 | Build | Palisade Wall |
| 15:49 | Queue | Spearman |
| 15:53 | Build | House |
| 15:55 | Build | Palisade Wall |
| 15:56 | Queue | Spearman |
| 15:57 | Build | House |
| 15:59 | Build | Palisade Wall |
| 16:11 | Queue | Spearman |
| 16:12 | Build | Palisade Gate |
| 16:14 | Build | Palisade Wall |
| 16:15 | Build | Palisade Wall |
| 16:20 | Queue | Villager (Male) |
| 16:26 | Build | Blacksmith |
| 16:38 | Queue | Villager (Male) |
| 16:39 | Queue | Spearman |
| 16:47 | Build | House |
| 16:48 | Build | Palisade Wall |
| 16:51 | Queue | Villager (Male) |
| 16:52 | Queue | Spearman |
| 17:05 | Queue | Villager (Male) |
| 17:19 | Queue | Unit 2550 |
| 17:21 | Build | Barracks |
| 17:28 | Queue | Villager (Male) |
| 17:30 | Build | House |
| 17:47 | Queue | Unit 2550 |
| 18:00 | Build | Palisade Gate |
| 18:02 | Queue | Villager (Male) |
| 18:15 | Build | Palisade Wall |
| 18:32 | Queue | Villager (Male) |
| 18:34 | Queue | Villager (Male) |
| 18:39 | Build | Farm |
| 18:40 | Build | Farm |
| 18:40 | Build | Farm |
| 18:42 | Build | Farm |
| 18:45 | Build | Farm |
| 19:00 | Queue | Villager (Male) |
| 19:10 | Build | Market |
| 19:17 | Queue | Villager (Male) |
| 19:25 | Queue | Villager (Male) |
| 19:27 | Build | Farm |
| 19:31 | Build | Palisade Wall |
| 19:36 | Queue | Spearman |
| 19:36 | Queue | Spearman |
| 19:42 | Queue | Spearman |
| 19:44 | Build | Farm |
| 19:44 | Queue | Unit 2550 |
| 19:45 | Queue | Unit 2550 |
| 19:46 | Build | Farm |
| 20:15 | Research | Scale Mail Armor |
Build order — Ghosty
First 150 of 418 actions detected
| 0:01 | Queue | Villager (Male) ×4 |
| 0:03 | Build | House |
| 0:04 | Build | House |
| 1:26 | Build | Mill |
| 1:31 | Queue | Villager (Male) |
| 1:59 | Queue | Villager (Male) |
| 2:31 | Queue | Villager (Male) |
| 2:54 | Queue | Villager (Male) |
| 2:54 | Queue | Villager (Male) |
| 3:06 | Queue | Villager (Male) |
| 3:38 | Queue | Villager (Male) |
| 3:50 | Build | House |
| 4:00 | Queue | Villager (Male) |
| 4:14 | Queue | Villager (Male) |
| 4:20 | Queue | Villager (Male) |
| 4:28 | Queue | Villager (Male) |
| 4:28 | Research | Loom |
| 5:44 | Queue | Villager (Male) |
| 5:55 | Queue | Villager (Male) |
| 6:03 | Build | Lumber Camp |
| 6:55 | Research | Feudal Age |
| 8:14 | Build | House |
| 8:50 | Queue | Villager (Male) |
| 9:05 | Age | Feudal Age |
| 9:06 | Build | Stable |
| 9:09 | Research | Double-Bit Axe |
| 9:20 | Queue | Villager (Male) |
| 9:31 | Build | Farm |
| 9:45 | Queue | Scout Cavalry |
| 9:45 | Queue | Scout Cavalry |
| 9:49 | Queue | Villager (Male) |
| 9:53 | Build | Mill |
| 10:08 | Queue | Villager (Male) |
| 10:18 | Queue | Scout Cavalry |
| 10:41 | Queue | Villager (Male) |
| 10:44 | Build | Farm |
| 10:55 | Build | Farm |
| 11:01 | Queue | Scout Cavalry |
| 11:12 | Queue | Villager (Male) |
| 11:16 | Build | House |
| 11:37 | Build | Farm |
| 11:44 | Build | Farm |
| 11:46 | Build | Farm |
| 11:49 | Queue | Scout Cavalry |
| 11:58 | Queue | Villager (Male) |
| 12:01 | Build | Farm |
| 12:13 | Build | Farm |
| 12:18 | Queue | Villager (Male) |
| 12:30 | Queue | Scout Cavalry |
| 12:33 | Build | House |
| 12:45 | Build | Farm |
| 12:49 | Queue | Villager (Male) |
| 13:08 | Queue | Scout Cavalry |
| 13:14 | Build | Farm |
| 13:19 | Queue | Villager (Male) |
| 13:29 | Build | Mining Camp |
| 13:34 | Queue | Scout Cavalry |
| 13:40 | Queue | Villager (Male) |
| 13:41 | Build | Farm |
| 13:49 | Build | House |
| 13:53 | Queue | Villager (Male) |
| 14:03 | Build | House |
| 14:04 | Build | Palisade Wall |
| 14:38 | Build | Farm |
| 14:39 | Queue | Villager (Male) |
| 14:46 | Queue | Scout Cavalry |
| 15:05 | Build | House |
| 15:12 | Queue | Villager (Male) |
| 15:51 | Queue | Villager (Male) |
| 16:02 | Queue | Villager (Male) |
| 16:16 | Queue | Villager (Male) |
| 16:20 | Build | Blacksmith |
| 16:42 | Queue | Villager (Male) |
| 17:02 | Research | Scale Barding Armor |
| 17:05 | Queue | Villager (Male) |
| 17:12 | Build | House |
| 17:13 | Build | Palisade Wall |
| 17:30 | Build | Palisade Wall |
| 17:43 | Queue | Villager (Male) |
| 18:34 | Research | Castle Age |
| 18:34 | Research | Castle Age |
| 18:39 | Build | Lumber Camp |
| 18:50 | Research | Horse Collar |
| 18:56 | Build | Palisade Wall |
| 19:04 | Research | Fletching |
| 19:42 | Build | Archery Range |
| 20:14 | Research | Bloodlines |
| 20:23 | Build | Archery Range |
| 20:54 | Build | House |
| 21:01 | Queue | Villager (Male) |
| 21:01 | Queue | Villager (Male) |
| 21:12 | Build | House |
| 21:14 | Age | Castle Age |
| 21:16 | Build | Palisade Wall |
| 21:18 | Queue | Cavalry Archer |
| 21:18 | Queue | Cavalry Archer |
| 21:31 | Research | Bodkin Arrow |
| 21:32 | Queue | Cavalry Archer |
| 21:36 | Build | University |
| 21:36 | Build | Palisade Wall |
| 21:44 | Build | Palisade Wall |
| 21:46 | Build | House |
| 21:51 | Queue | Cavalry Archer |
| 21:52 | Queue | Villager (Male) |
| 22:00 | Build | Farm |
| 22:03 | Build | Palisade Wall |
| 22:13 | Queue | Villager (Male) |
| 22:24 | Build | Palisade Gate |
| 22:26 | Build | House |
| 22:31 | Queue | Villager (Male) |
| 22:32 | Queue | Cavalry Archer |
| 22:52 | Queue | Villager (Male) |
| 23:07 | Queue | Cavalry Archer |
| 23:23 | Queue | Villager (Male) |
| 23:28 | Research | Ballistics |
| 23:40 | Queue | Cavalry Archer |
| 24:03 | Queue | Cavalry Archer |
| 24:06 | Queue | Villager (Male) |
| 24:09 | Build | House |
| 24:13 | Build | Farm |
| 24:24 | Build | Farm |
| 24:38 | Research | Husbandry |
| 24:40 | Queue | Cavalry Archer |
| 24:49 | Queue | Villager (Male) |
| 25:15 | Queue | Cavalry Archer |
| 25:15 | Queue | Cavalry Archer |
| 25:24 | Queue | Cavalry Archer |
| 25:24 | Queue | Cavalry Archer |
| 25:29 | Queue | Cavalry Archer |
| 25:30 | Queue | Villager (Male) |
| 25:31 | Build | Archery Range |
| 25:39 | Queue | Cavalry Archer |
| 25:56 | Queue | Cavalry Archer |
| 25:56 | Queue | Cavalry Archer |
| 25:58 | Queue | Villager (Male) |
| 26:03 | Research | Padded Archer Armor |
| 26:07 | Queue | Cavalry Archer |
| 26:18 | Queue | Villager (Male) |
| 26:30 | Build | Town Center |
| 26:54 | Queue | Cavalry Archer |
| 26:54 | Queue | Cavalry Archer |
| 26:56 | Queue | Villager (Male) |
| 27:04 | Queue | Cavalry Archer |
| 27:05 | Queue | Villager (Male) |
| 27:15 | Build | Farm |
| 27:26 | Queue | Cavalry Archer |
| 27:35 | Queue | Cavalry Archer |
| 27:54 | Queue | Villager (Male) |
| 28:11 | Queue | Villager (Male) |
| 28:12 | Queue | Villager (Male) |
Match timeline
| 1:09 | Lina · first_building Barracks |
| 4:56 | Lina · wall_segment Palisade Wall x1 |
| 9:05 | Ghosty · age_up feudal |
| 9:06 | Ghosty · first_building Stable |
| 10:34 | Lina · age_up feudal |
| 11:37 | Lina · wall_segment Palisade Wall x1 |
| 11:38 | Lina · wall_segment Palisade Wall x1 |
| 11:48 | Lina · wall_segment Palisade Wall x13 |
| 12:21 | Lina · wall_segment Palisade Wall x5 |
| 12:40 | Lina · wall_segment Palisade Wall x1 |
| 14:04 | Ghosty · wall_segment Palisade Wall x1 |
| 14:05 | Lina · wall_segment Palisade Wall x2 |
| 14:08 | Lina · wall_segment Palisade Wall x21 |
| 15:48 | Lina · wall_segment Palisade Wall x1 |
| 15:55 | Lina · wall_segment Palisade Wall x1 |
| 15:59 | Lina · wall_segment Palisade Wall x1 |
| 16:14 | Lina · wall_segment Palisade Wall x1 |
| 16:15 | Lina · wall_segment Palisade Wall x1 |
| 16:48 | Lina · wall_segment Palisade Wall x1 |
| 17:13 | Ghosty · wall_segment Palisade Wall x1 |
| 17:30 | Ghosty · wall_segment Palisade Wall x1 |
| 18:15 | Lina · wall_segment Palisade Wall x1 |
| 18:56 | Ghosty · wall_segment Palisade Wall x11 |
| 19:31 | Lina · wall_segment Palisade Wall x1 |
| 19:42 | Ghosty · first_building Archery Range |
| 20:19 | Lina · first_market_buy 100 food |
| 20:33 | Lina · wall_segment Palisade Wall x1 |
| 21:14 | Ghosty · age_up castle |
| 21:16 | Ghosty · wall_segment Palisade Wall x2 |
| 21:36 | Ghosty · wall_segment Palisade Wall x1 |
| 21:44 | Ghosty · wall_segment Palisade Wall x1 |
| 22:03 | Ghosty · wall_segment Palisade Wall x1 |
| 23:30 | Lina · age_up castle |
| 23:40 | Lina · first_market_sell 100 wood |
| 26:08 | Lina · first_building Siege Workshop |
| 28:28 | Ghosty · wall_segment Palisade Wall x1 |
| 28:34 | Ghosty · wall_segment Palisade Wall x1 |
| 30:56 | Ghosty · first_building Monastery |
| 33:48 | Ghosty · first_building Castle |
| 36:11 | Lina · first_building Monastery |
| 37:32 | Lina · first_building Castle |
| 38:05 | Lina · wall_segment Stone Wall x13 |
| 39:47 | Ghosty · wall_segment Stone Wall x1 |
| 39:49 | Ghosty · wall_segment Stone Wall x1 |
| 40:07 | Ghosty · wall_segment Stone Wall x1 |
| 40:13 | Lina · age_up imperial |
| 40:32 | Ghosty · wall_segment Stone Wall x1 |
| 40:33 | Ghosty · wall_segment Palisade Wall x1 |
| 40:49 | Ghosty · wall_segment Stone Wall x1 |
| 41:08 | Ghosty · age_up imperial |
| 42:30 | Ghosty · first_market_buy 100 wood |
| 42:50 | Ghosty · first_market_sell 100 food |
| 46:48 | Lina · first_building Archery Range |
| 49:47 | Lina · wall_segment Palisade Wall x1 |
| 53:59 | Ghosty · resign |
[ AI ANALYSIS · 1 CREDIT ]
What really happened in this match?
Wolo.gg analyzes every decision: build order, eco, micro, common mistakes by bracket. Personalized analysis on WhatsApp or Discord in 30 seconds.
Civ guide
Tupi
Perfil
Jugador #299269